 Dungeon Crawl Stone Soup version 0.31-a0-986-g5e6e4ef867 (webtiles) character file.

Game seed: 3886950407205100514

4903 Lobster4 the Geomancer (level 10, 0/56 HPs)
             Began as a Gargoyle Earth Elementalist on Nov 12, 2023.
             Slain by a centaur warrior (5 damage)
             ... on level 8 of the Dungeon.
             The game lasted 00:24:05 (8928 turns).

Lobster4 the Geomancer (GrEE)                       Turns: 8928, Time: 00:24:05

Health: 0/56       AC: 15    Str: 11    XL:     10   Next: 51%
Magic:  23/27      EV: 12    Int: 24    God:
Gold:   556        SH:  0    Dex: 10    Spells: 10/19 levels left

rFire   . . .        B - +2 short sword (venom)
rCold   . . .        (no shield)
rNeg    + . .        C - +1 leather armour of Pihul {Int+3}
rPois   ∞            H - +1 helmet {SInv}
rElec   +            (no cloak)
rCorr   .            (no gloves)
SInv    +            J - +0 pair of boots {rampage}
Will    .....        (no amulet)
Stlth   ++           o - ring of magical power
HPRegen 0.29/turn    (no ring)
MPRegen 0.20/turn

%: rampage
@: no status effects
A: sickness immunity, AC +7, negative energy resistance 1, electricity
resistance, torment resistance 1, petrification resistance
a: no special abilities


You were on level 8 of the Dungeon.
You visited 2 branches of the dungeon, and saw 9 of its levels.
You also visited: Bailey.

You collected 556 gold pieces.

Inventory:

Hand Weapons
 s - a +0 mace
 B - a +2 short sword of venom (weapon)
 G - a +1 whip of flaming
Missiles
 p - 3 poisoned darts (quivered)
 D - 6 javelins
 E - 3 boomerangs
Armour
 a - a +2 robe of willpower
 j - a +3 ring mail of willpower
 C - the +1 leather armour of Pihul (worn) {Int+3}
   (You found it on level 4 of the Dungeon)

   Int+3:     It affects your intelligence (+3).
 H - a +1 helmet of see invisible (worn)
 J - a +0 pair of boots of rampaging (worn)
Jewellery
 o - a ring of magical power (left hand)
Wands
 m - a wand of polymorph (8)
 A - a wand of paralysis (9)
Scrolls
 c - a scroll of immolation {unknown}
 e - a scroll of vulnerability
 g - a scroll of revelation
 h - 5 scrolls of teleportation
 i - a scroll of enchant armour
 k - a scroll of butterflies {unknown}
 t - a scroll of fear {unknown}
 v - a scroll of acquirement {unknown}
 y - a scroll of blinking {unknown}
 z - a scroll of enchant weapon {unknown}
 F - a scroll of noise {unknown}
Potions
 b - 3 potions of magic
 d - 2 potions of mutation {unknown}
 f - 5 potions of curing {unknown}
 n - a potion of ambrosia {unknown}
 q - a potion of haste
 r - a potion of heal wounds
 u - a potion of invisibility
 x - a potion of brilliance
Miscellaneous
 I - a phantom mirror


   Skills:
 - Level 3.0 Fighting
 + Level 6.0 Armour
 - Level 3.0 Dodging
 - Level 2.1 Stealth
 + Level 5.4 Spellcasting
 * Level 8.3 Conjurations
 - Level 1.0 Transmutations
 - Level 3.0 Ice Magic
 + Level 2.9 Air Magic
 * Level 10.1 Earth Magic
 - Level 1.0 Evocations


You had 10 spell levels left.
You knew the following spells:

 Your Spells              Type           Power      Damage    Failure   Level
a - Sandblast             Erth           100%       2d20      1%          1
b - Stone Arrow           Conj/Erth      100%       3d13      1%          3
f - Frozen Ramparts       Ice            40%        1d7       10%         3
p - Passwall              Tmut/Erth      27%        N/A       1%          2

Your spell library contained the following spells:

 Spells                   Type           Power      Damage    Failure   Level
 Brom's Barrelling Bould  Conj/Erth      50%        2d7       2%          4
 Freeze                   Ice            80%        1d9       3%          1
 Hailstorm                Conj/Ice       33%        3d8       3%          3
 Mephitic Cloud           Conj/Pois/Air  24%        N/A       7%          3
 Ensorcelled Hibernation  Hex/Ice        26%        N/A       9%          2
 Poisonous Vapours        Pois/Air       26%        N/A       9%          2
 Petrify                  Tmut/Erth      33%        N/A       11%         4
 Jinxbite                 Hex            12%        N/A       16%         2
 Scorch                   Fire           12%        2d5       16%         2
 Flame Wave               Conj/Fire      26%        2d8       19%         4
 Freezing Cloud           Conj/Ice/Air   14%        6-21      38%         5
 Anguish                  Hex/Necr       3%         N/A       71%         4
 Summon Cactus Giant      Summ           3%         N/A       100%        6


Dungeon Overview and Level Annotations

Branches:
Dungeon (8/15)             Temple (1/1) D:4          Bailey (visited)
   Lair: D:8-11

Altars:
Ashenzari
Cheibriados
Dithmenos
Elyvilon
Fedhas
Gozag
Hepliaklqana
Kikubaaqudgha
Makhleb
Nemelex Xobeh
Okawaru
Qazlal
Ru
Sif Muna
Trog
Wu Jian
Xom
Yredelemnul
Zin
The Shining One

Shops:
D:7 (*=   D:8 :

Annotations:
D:4 2 runed translucent doors


Innate Abilities, Weirdness & Mutations

You are immune to sickness and miasma.
Your stone body is resilient. (AC +7)
You are immune to poison.
You resist negative energy. (rN+)
You are resistant to electric shocks. (rElec)
You are resistant to unholy torment.
You are immune to petrification.


Message History

Found a leather armour.
There is an escape hatch in the floor here.
A centaur warrior comes into view.
You rampage towards the centaur warrior!
Found an escape hatch in the ceiling.
The centaur warrior shouts!
The centaur warrior wields a +0 orcbow.
The centaur warrior shoots an arrow.
The arrow hits you!!
The centaur warrior shoots an arrow.
The arrow hits you!
You hear an angry hiss.
You start resting.
A centaur warrior is nearby!
The centaur warrior unwields a +0 orcbow.
The centaur warrior hits you. The centaur warrior misses you.
The centaur warrior hits you but does no damage.
The centaur warrior kicks you but does no damage.
Casting: Sandblast (safe; 1% risk of failure)
Confirm with . or Enter, or press ? or * to list all spells.
Aiming: Sandblast (safe; 1% risk of failure)
Press: ? - help, Shift-Dir - straight line, f - centaur warrior
Aim: a centaur warrior (89% to hit)
The blast of sand hits the centaur warrior!
The centaur warrior is moderately wounded.
The centaur warrior hits you!
* * * LOW HITPOINT WARNING * * *
The centaur warrior kicks you but does no damage.
The centaur warrior hits you.
* * * LOW HITPOINT WARNING * * *
The centaur warrior kicks you but does no damage.
Casting: Sandblast (safe; 1% risk of failure)
Confirm with . or Enter, or press ? or * to list all spells.
Aiming: Stone Arrow (safe; 1% risk of failure)
Press: ? - help, Shift-Dir - straight line, f/p - centaur warrior
Aim: a centaur warrior (moderately wounded, 84% to hit)
The stone arrow misses the centaur warrior.
The centaur warrior hits you.
* * * LOW HITPOINT WARNING * * *
The centaur warrior kicks you but does no damage.
The centaur warrior hits you.
You die...

#...................
...##........#.........#
..............#........##
.............##.......<..
.............###.........
.............# #.........
.............## ..###...#
..............# ..# ##.#
#.....@.....# #...
#...#c#####.# ##.. #. #.#
#............
#........$.........
###........P♣P.P..P
.....#..P♣ .♣♣♣
....##..P♣ ♣ .........♣P
.. .<..c...... ~~.


You could see a centaur warrior.

Vanquished Creatures
  A two-headed ogre (D:8)
  Pikel (D:7)
  A vampire (D:8)
  Sigmund (D:2)
  3 water moccasins
  10 orc warriors
  An ice beast (D:7)
  A black bear (D:6)
  4 lemures
  3 bullfrogs
  4 scorpions
  4 wights (D:6)
  An oklob sapling (D:4)
  6 killer bees (D:8)
  8 howler monkeys (D:8)
  An orc priest (D:6)
  3 hounds
  3 jellies
  3 iguanas
  9 orc wizards
  3 sleepcaps
  Natasha (thrice) (D:3)
  9 adders
  2 white imps
  2 ufetubi (D:6)
  A worm (D:2)
  3 dart slugs
  47 orcs
  7 ball pythons
  10 bats
  6 endoplasms
  4 giant cockroaches
  3 goblins
  13 hobgoblins
  3 quokkas (D:1)
  3 frilled lizards
  9 kobolds
  8 rats
204 creatures vanquished.

Notes
Turn   | Place    | Note
-------+----------+-------------------------------------------
     0 | D:1      | Lobster4 the Gargoyle Earth Elementalist began the quest
                  | for the Orb.
     0 | D:1      | Reached XP level 1. HP: 10/10 MP: 3/3
   279 | D:1      | Reached XP level 2. HP: 16/16 MP: 0/5
   455 | D:1      | Learned a level 2 spell: Passwall
   559 | D:1      | Reached skill level 4 in Earth Magic
   672 | D:1      | Reached skill level 1 in Transmutations
   721 | D:1      | Reached skill level 1 in Fighting
   721 | D:1      | Reached XP level 3. HP: 20/20 MP: 4/6
  1089 | D:1      | Learned a level 3 spell: Stone Arrow
  1178 | D:2      | Noticed Sigmund
  1198 | D:2      | Reached skill level 1 in Armour
  1270 | D:2      | Reached skill level 1 in Conjurations
  1421 | D:2      | Killed Sigmund
  1422 | D:2      | Reached XP level 4. HP: 26/26 MP: 2/7
  1422 | D:2      | Reached XP level 5. HP: 30/30 MP: 2/8
  1565 | D:2      | Reached skill level 5 in Earth Magic
  1958 | D:2      | Reached XP level 6. HP: 35/35 MP: 7/10
  2069 | D:3      | Found a hazy altar of Hepliaklqana.
  2258 | D:3      | Noticed Natasha
  2263 | D:3      | Killed Natasha
  2347 | D:3      | Noticed Natasha
  2354 | D:3      | Killed Natasha
  2479 | D:3      | Noticed Natasha
  2480 | D:3      | Killed Natasha
  2704 | D:3      | Found a shimmering blue altar of Sif Muna.
  2927 | D:4      | Paralysed by a hobgoblin for 4 turns
  2963 | D:4      | Found a large runed translucent door.
  2970 | D:4      | Found a large runed translucent door.
  2973 | D:4      | Noticed a water moccasin
  2979 | D:4      | Found a large runed translucent door.
  2979 | D:4      | Found a large runed translucent door.
  2995 | D:4      | Found a staircase to the Ecumenical Temple.
  3012 | D:4      | Noticed an orc warrior
  3030 | D:4      | Killed an orc warrior
  3031 | D:4      | Reached skill level 1 in Evocations
  3031 | D:4      | Reached XP level 7. HP: 5/40 MP: 11/11
  3275 | D:4      | Learned a level 3 spell: Frozen Ramparts
  3427 | D:4      | Reached skill level 6 in Earth Magic
  3687 | D:4      | Found a sparkling altar of Nemelex Xobeh.
  3940 | D:4      | Identified the +0 plate armour "Xeapn" {*Corrode Will+
                  | Int+4}
  4011 | D:4      | Identified the +1 leather armour of Pihul {Int+3}
  4476 | Temple   | Entered the Ecumenical Temple
  4532 | D:5      | Entered Level 5 of the Dungeon
  4762 | D:5      | Reached skill level 1 in Ice Magic
  4762 | D:5      | Reached XP level 8. HP: 46/46 MP: 12/12
  4875 | D:5      | Found a snail-covered altar of Cheibriados.
  5336 | D:6      | Reached skill level 7 in Earth Magic
  5373 | D:6      | Reached skill level 5 in Conjurations
  5482 | D:4      | Identified the +9 plate armour "Bevu" {Harm rPois rC-
                  | Str-4}
  5934 | D:6      | Reached XP level 9. HP: 50/50 MP: 15/15
  6410 | D:7      | Reached skill level 8 in Earth Magic
  6438 | D:7      | Noticed Pikel
  6546 | D:7      | Found Kasmumie's General Store.
  6547 | D:7      | Found Solemoda's Jewellery Emporium.
  6547 | D:7      | Found Venijud's Weapon Boutique.
  6683 | D:7      | Killed Pikel
  6684 | D:7      | Reached skill level 1 in Air Magic
  6736 | D:7      | Found a flagged portal.
  6774 | Bailey   | Entered a bailey
  7093 | Bailey   | Reached skill level 5 in Armour
  7093 | Bailey   | Reached skill level 9 in Earth Magic
  7673 | D:7      | Reached XP level 10. HP: 56/56 MP: 17/17
  8033 | D:7      | Reached skill level 5 in Spellcasting
  8568 | D:8      | Found Rydith's Book Boutique.
  8593 | D:8      | Found a broken altar of Ashenzari.
  8711 | D:8      | Noticed a two-headed ogre
  8717 | D:8      | Killed a two-headed ogre
  8718 | D:8      | Reached skill level 10 in Earth Magic
  8911 | D:8      | Noticed a centaur warrior
  8928 | D:8      | Slain by a centaur warrior

Illustrated notes

Levels and vault maps discovered:
D:1:      dpeg_arrival_stone_temple_mockup, layout_loops_ring
D:2:      layout_loops_ring, uniq_sigmund
D:3:      layout_rooms, lemuel_blue_sif_altar, lemuel_crystal_altar,
          chequers_jeans, supply_closet_lemuel, uniq_natasha
D:4:      layout_loops_corners, nemelex_spade_bored_becter,
          minmay_temple_entry_oklob, minmay_hollow_rounded_squares
D:5:      layout_loops_cross, mainiacjoe_overflow_chevrons
D:6:      layout_gridville
D:7:      layout_basic, enter_bailey_4, nicolae_wooded_promenade, st_stairs_1,
          chequers_decorated_corner, uniq_pikel
D:8:      layout_cave_pools, nicolae_ashenzari_panopticon, serial_park,
          serial_park_tiny_2, serial_park_square1 [serial_park_minivault_5x5_2],
          serial_park_tiny_1, serial_park_tiny_2, serial_shops,
          nicolae_shop_tiny_waterfront
Temple:   nicolae_temple_superstar

Skill      XL: |  1  2  3  4  5  6  7  8  9 10 |
---------------+-------------------------------+-----
Earth Magic    | 4 5 6 7 9 10 | 10.1
Transmutations | 1 |  1.0
Fighting       | 1 2 3 |  3.0
Armour         | 1 2 4 5 6 |  6.0
Conjurations   | 2 3 4 5 7 8 |  8.3
Dodging        | 2 3 |  3.0
Spellcasting   | 3 4 5 |  5.4
Evocations     | 1 |  1.0
Ice Magic      | 1 2 3 |  3.0
Air Magic      | 2 |  2.9
Stealth        | |  2.1

Action                     |  1- 3 |  4- 6 |  7- 9 | 10-12 || total
---------------------------+-------+-------+-------+-------++-------
  Melee: Short sword       |     1 |     7 |    20 |     2 ||    30
         Unarmed           |     1 |       |       |       ||     1
         Punch             |       |       |     1 |       ||     1
  Throw: Dart              |     4 |     3 |    10 |     6 ||    23
         Stone             |     1 |       |       |       ||     1
         Javelin           |       |       |     6 |       ||     6
   Cast: Sandblast         |    47 |    66 |   107 |    44 ||   264
         Stone Arrow       |       |       |    52 |    19 ||    71
    Use: Potion            |     1 |     1 |       |       ||     2
         Scroll            |       |       |    11 |       ||    11
 Armour: Robe              |     9 |    15 |     3 |       ||    27
         Skin              |    11 |     8 |       |       ||    19
         Leather armour    |       |       |    44 |    33 ||    77
  Dodge: Dodged            |    11 |    11 |    48 |    20 ||    90

Table legend: (Time is in decaauts)
 A = Elapsed time spent in this place.
 B = Non-inter-level travel time spent in this place.
 C = Inter-level travel time spent in this place.
 D = Time resting spent in this place.
 E = Time spent auto-exploring this place.
 F = Levels seen in this place.
 G = Mean time per level.
                   A        B        C        D        E       F      G
               +--------+--------+--------+--------+--------+-----+--------+
         Total |   9069 |   8646 |    423 |    967 |   5692 |  10 |  906.9 |
       Dungeon |   8338 |   7915 |    423 |    762 |   5644 |   8 | 1042.2 |
        Temple |      1 |      1 |      0 |      0 |      0 |   1 |    1.0 |
        Bailey |    728 |    728 |      0 |    204 |     48 |   1 |  728.0 |
               +--------+--------+--------+--------+--------+-----+--------+

Top non-repeatable levels by time:
     D:4: 1896 daAuts
     D:7: 1341 daAuts
     D:1: 1171 daAuts
     D:6: 1136 daAuts
     D:2: 884 daAuts
  Bailey: 728 daAuts
     D:3: 728 daAuts
     D:5: 704 daAuts
     D:8: 476 daAuts
  Temple: 1 daAuts
